 Dungeon Crawl Stone Soup version 0.31-a0-263-ge8cad7f256 (webtiles) character file.

Game seed: 15784512014129959599

99 qw the Shooter (level 4, -11/36 HPs)
             Began as a Minotaur Hexslinger on July 13, 2023.
             Mangled by a sleepcap (18 damage)
             ... on level 3 of the Dungeon.
             The game lasted 00:00:36 (1904 turns).

qw the Shooter (Minotaur Hexslinger)                Turns: 1904, Time: 00:00:36

Health: -11/36     AC:  2    Str: 13    XL:     4   Next: 45%
Magic:  4/4        EV:  2    Int: 10    God:
Gold:   115        SH:  0    Dex: 14    Spells: 4/5 levels left

rFire   . . .        Y - +1 sling
rCold   . . .        (no shield)
rNeg    . . .        c - +0 robe
rPois   .            (helmet restricted)
rElec   .            (no cloak)
rCorr   .            (no gloves)
SInv    .            (no boots)
Will    .....        (no amulet)
Stlth   +            (no ring)
HPRegen 0.26/turn    (no ring)
MPRegen 0.09/turn

%: no passive effects
@: sleeping
A: horns 2, retaliatory headbutt
a: no special abilities


You were on level 3 of the Dungeon.
You visited 1 branch of the dungeon, and saw 3 of its levels.

You collected 115 gold pieces.


Innate Abilities, Weirdness & Mutations

You have a pair of horns on your head.
You reflexively headbutt those who attack you in melee.


   Skills:
 + Level 2.1 Fighting
 - Level 5.0 Ranged Weapons
 - Level 2.1 Dodging
 - Level 1.0 Spellcasting
 - Level 2.0 Hexes


You had 4 spell levels left.
You knew the following spells:

 Your Spells              Type           Power      Damage    Failure   Level
a - Slow                  Hex            16%        N/A       16%         1

Your spell library contained the following spells:

 Spells                   Type           Power      Damage    Failure   Level
 Inner Flame              Hex/Fire       2%         N/A       56%         3
 Portal Projectile        Hex/Tloc       4%         N/A       56%         3
 Cause Fear               Hex            2%         N/A       83%         4

Inventory:

Hand Weapons
 Y - a +1 sling (weapon)
Armour
 c - a +0 robe (worn)
Scrolls
 e - a scroll of immolation {unknown}
 h - a scroll of identify
Potions
 a - a potion of enlightenment {unknown}
 b - 2 potions of mutation {unknown}
 d - a potion of cancellation
 f - 2 potions of brilliance {unknown}
 g - a potion of curing {unknown}

Dungeon Overview and Level Annotations

Branches:
Dungeon (3/15)

Altars:


Message History

The sleepcap is lightly damaged.
You shoot a sling bullet.
The sling bullet hits the sleepcap but does no damage.
The sleepcap is lightly damaged.
You shoot a sling bullet.
The sling bullet hits the sleepcap but does no damage.
The sleepcap is lightly damaged.
You shoot a sling bullet. The sling bullet hits the sleepcap.
The sleepcap is lightly damaged.
The sleepcap barely misses you.
You shoot a sling bullet.
The sling bullet hits the sleepcap but does no damage.
The sleepcap is lightly damaged.
The sleepcap completely misses you.
You shoot a sling bullet. The sling bullet hits the sleepcap.
The sleepcap is moderately damaged.
The sleepcap releases spores at you!
You are engulfed in a cloud of soporific spores!
You fall asleep.
The sleepcap releases spores at you!!
You wake up.
Ouch! That really hurt!
You shoot a sling bullet. The sling bullet hits the sleepcap.
The sleepcap is moderately damaged.
The sleepcap closely misses you. The sleepcap barely misses you.
You furiously retaliate!
You headbutt the sleepcap! You shoot a sling bullet.
The sling bullet hits the sleepcap.
The sleepcap is severely damaged.
The sleepcap misses you.
You shoot a sling bullet. The sling bullet hits the sleepcap.
The sleepcap is almost destroyed.
The sleepcap closely misses you.
You shoot a sling bullet.
The sling bullet hits the sleepcap but does no damage.
The sleepcap is almost destroyed.
The sleepcap releases spores at you.
You are engulfed in a cloud of soporific spores!
You fall asleep.
The sleepcap releases spores at you!!
Ouch! That really hurt!
You die...

#.####.####..._.##.#
#.#...........^....#
#.#.##.######.######
#.#.##.# #.# #......#
#.# ###.#### ##'## #.#
##...## #.# ##.....##
#@# ##.......##
#.....f...#.........##
#.#.......+.........'.
##...##.#.........##
##.## ##.......## #.#
##.....## #.# ##...##
... ##+##


You could see a sleepcap.

Vanquished Creatures
  A gnoll (D:1)
  3 adders (D:2)
  A worm (D:2)
  2 dart slugs (D:2)
  7 ball pythons
  3 bats (D:2)
  5 endoplasms
  A giant cockroach (D:2)
  4 goblins
  9 hobgoblins
  6 jackals
  3 kobolds
  2 quokkas
  3 frilled lizards
  2 rats
52 creatures vanquished.

Notes
Turn   | Place    | Note
-------+----------+-------------------------------------------
     0 | D:1      | qw the Minotaur Hexslinger began the quest for the Orb.
     0 | D:1      | Reached XP level 1. HP: 16/16 MP: 1/1
     0 | D:1      | 0 ||| qw: Version: 0.3-a-52-g30416fa
     0 | D:1      | 0 ||| qw: Game counter: 7201
     0 | D:1      | 0 ||| qw: Melee chars always use a shield: true
     0 | D:1      | 0 ||| qw: God list: Okawaru
     0 | D:1      | 0 ||| qw: Allow faded altars: false
     0 | D:1      | 0 ||| qw: Do Orc after clearing Dungeon:15 true
     0 | D:1      | 0 ||| qw: Do second Lair branch before Depths: true
     0 | D:1      | 0 ||| qw: Lair rune preference: random
     0 | D:1      | 0 ||| qw: Goals: Normal
     0 | D:1      | 0 ||| PLANNING D:1-11
    30 | D:1      | HP: 3/16 [ball python (2)]
    30 | D:1      | HP: 1/16 [ball python (1)]
   138 | D:1      | Reached skill level 3 in Ranged Weapons
   138 | D:1      | Reached XP level 2. HP: 23/23 MP: 2/2
   393 | D:1      | Reached XP level 3. HP: 29/29 MP: 3/3
   531 | D:1      | 531 ||| DROPPING amulet of magic regeneration.
   532 | D:1      | 532 ||| READING scroll labelled TIRUXOAHUCK.
   533 | D:1      | 533 ||| READING scroll labelled KAK NAONGEQOS.
   534 | D:1      | 534 ||| DROPPING scroll of poison.
   624 | D:2      | Reached skill level 4 in Ranged Weapons
   936 | D:2      | Reached XP level 4. HP: 36/36 MP: 4/4
  1538 | D:2      | 1538 ||| READING scroll labelled JOODEF ARITAANEL.
  1539 | D:2      | 1539 ||| DRINKING 2 murky yellow potions.
  1540 | D:2      | 1540 ||| DRINKING 2 bubbling yellow potions.
  1585 | D:2      | 1585 ||| DROPPING potion of lignification.
  1772 | D:3      | Reached skill level 5 in Ranged Weapons
  1853 | D:3      | Found a faded altar of an unknown god.
  1899 | D:3      | HP: 9/36 [sleepcap (19)]
  1904 | D:3      | Mangled by a sleepcap

Levels and vault maps discovered:
D:1:      eino_arrival_cavern_b, layout_basic
D:2:      layout_basic, st_stairs_3, minmay_misc_feat_nine_boxes
D:3:      layout_loops_corners, nzn_overflow_gifts_of_might_and_magic,
          tgw_fedhas, ebering_ecumenical_altar_webs, uniq_terence, uniq_robin

Skill      XL: |  1  2  3  4 |
---------------+-------------+-----
Ranged Weapons | 3 4 5 |  5.0
Fighting       | 2 |  2.1
Dodging        | |  2.1
Spellcasting   | |  1.0
Hexes          | |  2.0

Action                     |  1- 3 |  4- 6 || total
---------------------------+-------+-------++-------
   Fire: Sling             |    91 |    49 ||   140
    Use: Scroll            |     2 |     1 ||     3
         Potion            |       |     2 ||     2
 Armour: Robe              |     5 |     3 ||     8
  Dodge: Dodged            |    31 |    21 ||    52

Table legend:
 A = Non-vault XP
 B = Vault XP
 C = Vault XP percentage of total XP
 D = Non-vault monster count
 E = Vault monster count
 F = Vault count percentage of total count
                 A         B        C        D         E       F
            +---------+---------+-------+---------+---------+-------
      Total |     127 |      15 |  10.6 |      50 |       2 |   3.8
            +---------+---------+-------+---------+---------+-------
        D:1 |      43 |       0 |   0.0 |      19 |       0 |   0.0
        D:2 |      72 |      15 |  17.2 |      24 |       2 |   7.7
        D:3 |      12 |       0 |   0.0 |       7 |       0 |   0.0
            +---------+---------+-------+---------+---------+-------
